 BcadrenCrawl: Boulder Brew version 0.05.4-52-gbd2e00ed8b (webtiles) character file.

Game seed: 8307628518616879251, levelgen mode: deterministic

6304 namelastname112 the Thaumaturge (level 10, -9/90 HPs) Blue Draconian Transmuter. Began on May 9, 2022. Was an Elder of Bahamut & Tiamat. Mangled by an orc warrior ... wielding a cursed +3 dire flail of protection {(Curse: Fragile)} (26 damage) ... on level 5 of the Dungeon. The game lasted 00:16:22 (7235 turns).

namelastname112 the Thaumaturge (DrTm)              Turns: 7235, Time: 00:16:23

Health: -9/90      AC:  8    Str:  8 (12) XL:     10 ^: 1965
Magic:  18/19      EV: 20    Int: 16 (19) God:    Bahamut & Tiamat [4* [101]]
Gold:   342        SH:  5    Dex: 11 (15) Spells: 15/27 levels left

rFire    + + .     Vision   x     - Unarmed
rCold    + . .     Gourm    .     - Unarmed
rNeg     x . .     Faith    .   (armour unavailable)
rCorr    . . .     Spirit   .   (helmet restricted)
rPois    .         Reflect  +   d - scarf {rC+ rF+}
rElec    +         Harm     .   (gloves currently unavailable)
MR       .....                  (no boots)
Stlth    +.........             r - amulet of reflection (curse) {(Curse: *Slow)}
HPRegen  0.80/turn              g - ring of evasion
MPRegen  0.29/turn              m - ring of intelligence

@: short of breath, blade hands (expiring), slow
A: impaired vision, deformed body 2, deterioration, negative energy
vulnerability 1, fire resistance 1, low mp 1, regeneration 1, slowness 1,
cold-blooded, magic vulnerability 1, boosted long blades aptitude, air enhancer
1, rElec, AC +8
a: Breathe Lightning, End Transformation, Adaptive Breath, Choose Bahamut's
Drake Mount, Choose Tiamat's Summon Drakes, Renounce Religion


You were on level 5 of the Dungeon.
You worshipped Bahamut & Tiamat.
Bahamut & Tiamat was greatly pleased with you.
You were not hungry.
You had blades for hands.
You visited 1 branch of the dungeon, and saw 5 of its levels.

You collected 342 gold pieces.

Inventory:

Armour
 d - a scarf of resistance (worn)
Jewellery
 f - a cursed ring of positive energy {(Curse: *Corrode)}
 g - a ring of evasion (left scythe-like blade)
 k - an uncursed ring of magical power
 m - a ring of intelligence (right scythe-like blade)
 q - a cursed ring of intelligence {(Curse: *Corrode)}
 r - a cursed amulet of reflection (around neck) {(Curse: *Slow)}
Wands
 l - a wand of flame (2)
Scrolls
 a - 4 scrolls of teleportation
 j - 2 scrolls of enchantment
 p - a scroll of magic mapping
 s - a scroll of bless item
Potions
 c - a potion of heal wounds
 e - 2 potions of berserk rage
 h - a potion of haste
 i - 2 potions of curing
 n - 3 potions of agility
 o - a potion of invisibility
Comestibles
 b - 13 rations


   Skills:
 + Level 8.7 Fighting
 + Level 6.2 Dodging
 + Level 7.2 Unarmed Combat
 + Level 9.1 Spellcasting
 + Level 6.3 Transmutations


You had 15 spell levels left.
You knew the following spells:

 Your Spells              Type           Power        Failure   Level  Hunger
a - Ice Form Ice/Tmut 17 (100) 69% 4 54-154 b - Beastly Appendage Tmut           27 (50)      13%         1    0
c - Sticks to Snakes      Tmut           27 (100)     16%         2    0
x - Blade Hands           Tmut           27 (200)     63%         5    174-334

Your spell library contained the following spells:

 Spells                   Type           Power        Failure   Level  Hunger
 Scorpion Form Tmut/Pois 17 (200) 43% 3 0-34 Snakes to Sticks Hex/Tmut 17 (100) 43% 3 0-34 Yara's Violent Unravell Hex/Tmut 17 (200) 91% 5 174-334 Cause Fear Hex 7 (200) 95% 4 54-154 Silence Hex/Air 10 (200) 99% 5 174-334 Deflect Missiles Chrm/Air 10 (200) 100% 6 294-514 Discord Hex            7 (200)      100%        8    534-874


Dungeon Overview and Level Annotations

Branches:
Dungeon (5/8)              Temple (0/1) D:4            Lair (0/6) D:5

Altars:
Bahamut & Tiamat
Makhleb
Nemelex Xobeh
Sif Muna
Trog
Vehumet
Xom
Zin


Innate Abilities, Weirdness & Mutations

Your flickering blue scales are resilient. (AC +8)
You can breathe wild blasts of lightning You cannot wear any armour on your peculiar form.
You are cold-blooded and are slowed more easily by cold attacks.
You are naturally skilled at Long Blades (Aptitude +3).
You are in touch with the powers of the sky.
Your flickering blue scales grant you resistance to electric shocks. (rElec)
Your poor vision makes scrolls take longer to read and aiming more difficult.
Your body often falls apart upon taking damage.
You are vulnerable to negative energy. (rN-)
You are heat resistant. (rF+)
Your magical capacity is low. (-15% MP)
You heal very quickly.
You cover ground slowly.
You are vulnerable to magic. (MR--)


Message History

You tail-slap the orc warrior, but do no damage!
The orc warrior is heavily wounded! (14/28) HP The orc warrior barely misses you (0)!
You shred the orc warrior but do no damage! x2
Your tail-slap misses the orc warrior!
The orc warrior is heavily wounded! (14/28) HP The orc hits you but does no damage!
You shred the orc warrior but do no damage!
The orc warrior blocks your attack!
The orc warrior is heavily wounded! (14/28) HP You feel much better!
You drop the empty bottle!
The orc warrior hits you with a cursed +3 dire flail of protection {(Curse: Fragile)} (12)!!! * * * don't die
* * * The orc hits you with a +0 whip (6)! * * * don't die
* * * You shred the orc warrior but do no damage!
You shred the orc warrior (3)!
She resists!
The orc warrior is severely wounded! (11/28) HP The orc warrior hits you with a cursed +3 dire flail of protection {(Curse: Fragile)} (26)!!!!!! rip

###### #....# ....+
######## ....#
.......# #...#
####.### ##oo#
######### ...#...#
#)@# #......[##
.#####.# #..##
#.......'. .#.†.#.#
##..## ##.......#.
##.#.#.##########..#
#'.......##
...#...'.....>.....#
##.......#
.#####†#############
#.......# .†††...#
###'##### ##'#####
########### #...####
...# #.........###
###....#


You could see an orc warrior and an orc.

Vanquished Creatures
  An unseen horror (D:5)
  A skeletal warrior (D:5)
  A troll (D:5)
  2 hornets (D:4)
  2 hippogriffs (D:5)
  A basilisk (D:5)
  A yak (D:5)
  A guardian mummy (D:3)
  2 bone scorpions
  3 porcupines
  5 scorpions (D:5)
  A water moccasin (D:2)
  2 phantoms (D:5)
  An ice beast (D:5)
  A sky beast (D:5)
  2 ogres (D:5)
  A crocodile (D:5)
  2 bullfrogs
  2 big kobolds (D:5)
  A gnoll sergeant (D:5)
  A centaur (D:5)
  6 killer bees (D:5)
  5 wights (D:5)
  4 orc priests
  5 hounds
  7 orc wizards
  2 mummies (D:3)
  3 worker ants
  4 iguanas
  9 giant cockroaches
  A bullfrog zombie (D:5)
  7 adders
  4 gnolls (D:5)
  A gwybwca (D:3)
  10 sewer rats (D:2)
  3 worms
  7 cinder newts
  3 oozes (D:2)
  A worker ant zombie (D:5)
  A howler monkey skeleton (D:3)
  6 leopard geckos
  22 orcs
  5 goblins (D:1)
  5 hobgoblins (D:1)
  3 jackals (D:4)
  4 quokkas
  2 ball pythons (D:2)
  5 bats (D:1)
  A bat skeleton (D:2)
  2 hobgoblin skeletons (D:2)
  15 kobolds
  2 leopard gecko skeletons
  A quokka skeleton (D:5)
  2 rats
192 creatures vanquished.

Vanquished Creatures (collateral kills)
  A steam dragon (D:4)
  A crocodile (D:2)
  A howler monkey (D:3)
  A worker ant (D:3)
  An iguana (D:4)
  2 adders
  5 sewer rats (D:2)
  3 orcs
  A ball python (D:2)
16 creatures vanquished.

Vanquished Creatures (others)
  A wight (D:5)
  2 orcs
  A bat skeleton (D:2)
  2 kobolds (D:5)
  A giant blowfly (D:2)
  A plant (D:5)
  A slimehead (D:2)
  73 withered plants (D:2)
82 creatures vanquished.

Grand Total: 290 creatures vanquished

Notes
Turn   | Place    | Note
-------+----------+-------------------------------------------
     0 | D:1      | namelastname112 the Immature Draconian Transmuter began the
                  | quest for the Orb.
     0 | D:1      | Reached XP level 1. HP: 16/16 MP: 4/4
    27 | D:1      | Reached skill level 3 in Spellcasting
    27 | D:1      | Reached XP level 2. HP: 24/24 MP: 4/6
   142 | D:1      | Reached XP level 3. HP: 23/29 MP: 7/7
   377 | D:1      | Reached XP level 4. HP: 37/37 MP: 9/9
   721 | D:1      | Learned a level 2 spell: Sticks to Snakes
   990 | D:2      | Reached XP level 5. HP: 39/44 MP: 10/10
  1124 | D:2      | Found a radiant altar of Vehumet.
  1406 | D:2      | Reached skill level 4 in Spellcasting
  1737 | D:2      | Noticed a water moccasin
  1747 | D:2      | Killed a water moccasin
  1747 | D:2      | Reached XP level 6. HP: 26/51 MP: 8/12
  2863 | D:2      | Found a basalt altar of Yredelemnul.
  2865 | D:2      | Found a glowing silver altar of Zin.
  2865 | D:2      | Found a shimmering altar of Xom.
  2867 | D:2      | Found a burning altar of Makhleb.
  2867 | D:2      | Found a shimmering blue altar of Sif Muna.
  2867 | D:2      | Found a bloodstained altar of Trog.
  2918 | D:2      | Your scales start taking on a flickering blue colour.
  2918 | D:2      | Reached XP level 7. HP: 55/59 MP: 13/13
  2918 | D:2      | Gained mutation: Your flickering blue scales grant you
                  | resistance to electric shocks. (rElec) [Blue Draconian
                  | growth]
  2918 | D:2      | Gained mutation: You are in touch with the powers of the
                  | sky. [Blue Draconian growth]
  3311 | D:3      | Reached skill level 5 in Spellcasting
  3775 | D:3      | Found an ornate altar of Bahamut and Tiamat.
  3775 | D:3      | Found a bloodstained altar of Trog.
  3810 | D:3      | Became a worshipper of Bahamut & Tiamat
  3910 | D:3      | Found a sparkling altar of Nemelex Xobeh.
  3910 | D:3      | Found a burning altar of Makhleb.
  4225 | D:4      | Noticed a steam dragon
  4249 | D:4      | Killed a steam dragon
  4249 | D:4      | Reached skill level 5 in Fighting
  4249 | D:4      | Reached XP level 8. HP: 55/68 MP: 11/16
  4633 | D:4      | Found a staircase to the Ecumenical Temple.
  4701 | D:4      | Reached skill level 6 in Spellcasting
  4815 | D:4      | Reached skill level 5 in Unarmed Combat
  5058 | D:4      | Found a glowing silver altar of Zin.
  5102 | D:4      | Reached * piety under Bahamut & Tiamat
  5103 | D:4      | Noticed a hornet
  5103 | D:4      | Noticed a hornet
  5265 | D:3      | Learned a level 4 spell: Ice Form
  5273 | D:4      | Killed a hornet
  5319 | D:4      | Killed a hornet
  5600 | D:5      | Entered Level 5 of the Dungeon
  5628 | D:5      | Reached XP level 9. HP: 75/75 MP: 15/19
  5651 | D:5      | Reached ** piety under Bahamut & Tiamat
  5677 | D:5      | Reached skill level 7 in Spellcasting
  5875 | D:4      | Learned a level 5 spell: Blade Hands
  5883 | D:5      | Noticed a skeletal warrior
  5924 | D:4      | Gained mutation: You are vulnerable to magic. (MR--)
                  | [mutagenic glow]
  5947 | D:4      | Gained mutation: You cover ground slowly. [mutagenic glow]
  6053 | D:4      | Gained mutation: Your magical capacity is low. (-15% MP)
                  | [potion of mutation]
  6053 | D:4      | Gained mutation: You are vulnerable to negative energy.
                  | (rN-) [potion of mutation]
  6053 | D:4      | Gained mutation: You can spit venom. [potion of mutation]
  6054 | D:4      | Lost mutation: You can spit venom. [potion of mutation]
  6054 | D:4      | Gained mutation: You are resistant to acid. (rCorr) [potion
                  | of mutation]
  6054 | D:4      | Gained mutation: You are heat resistant. (rF+) [potion of
                  | mutation]
  6055 | D:4      | Gained mutation: Your body often falls apart upon taking
                  | damage. [potion of mutation]
  6055 | D:4      | Lost mutation: You are heat resistant. (rF+) [potion of
                  | mutation]
  6055 | D:4      | Gained mutation: You heal very quickly. [potion of
                  | mutation]
  6056 | D:4      | Lost mutation: You are resistant to acid. (rCorr) [potion
                  | of mutation]
  6063 | D:4      | Gained mutation: You are heat resistant. (rF+) [potion of
                  | mutation]
  6063 | D:4      | Gained mutation: Your poor vision makes scrolls take longer
                  | to read and aiming more difficult. [potion of mutation]
  6095 | D:5      | Killed a skeletal warrior
  6095 | D:5      | Reached skill level 5 in Dodging
  6095 | D:5      | Reached skill level 5 in Transmutations
  6321 | D:5      | Reached skill level 8 in Spellcasting
  6360 | D:5      | Gained mutation: You are naturally skilled at Long Blades
                  | (Aptitude +3). [draconic bloodline]
  6360 | D:5      | Reached XP level 10. HP: 24/88 MP: 16/18
  6506 | D:5      | Found a staircase to the Lair.
  6520 | D:5      | Reached *** piety under Bahamut & Tiamat
  6857 | D:5      | Killed an unseen horror
  6937 | D:5      | Reached skill level 9 in Spellcasting
  7216 | D:5      | Reached **** piety under Bahamut & Tiamat
  7235 | D:5      | Mangled by an orc warrior

Levels and vault maps discovered:
D:1:      erik_arrival_triangle_medium, layout_rooms, first_ration,
          kennysheep_another_room, minmay_split_cup_large
D:2:      doesnt_xom_only_xom, layout_sewer, marbit_many_paths
D:3:      layout_rooms, grunt_temple_overflow_cloverleaf,
          lightli_ossuary_entry_decrepit_ruins
D:4:      layout_long_grid, zin_statuary, minmay_temple_entry_ruins,
          hangedman_pestilent_swarm, kb_rosetta
D:5:      layout_roguey, david_lair_generic, lightli_orcish_oven

Skill      XL: |  1  2  3  4  5  6  7  8  9 10 |
---------------+-------------------------------+-----
Spellcasting   | 3 4 5 6 8 9 |  9.1
Fighting       | 2 3 4 5 6 7 8 |  8.7
Dodging        | 2 3 4 5 6 |  6.2
Unarmed Combat | 3 4 5 6 7 |  7.2
Transmutations | 2 3 4 5 6 |  6.3

Action                   |  1- 3 |  4- 6 |  7- 9 | 10-12 || total
-------------------------+-------+-------+-------+-------++-------
Melee: Unarmed           |    89 |   407 |   704 |   335 ||  1535
       Kick              |     2 |     2 |     2 |       ||     6
       Peck              |     4 |    33 |    57 |    19 ||   113
       Headbutt          |     2 |     8 |     1 |       ||    11
 Cast: Beastly Appendage |     4 |    10 |     2 |       ||    16
       Sticks to Snakes  |       |    16 |    25 |       ||    41
       Ice Form          |       |       |     3 |       ||     3
       Blade Hands       |       |       |     4 |     8 ||    12
Invok: Choose Bahamut's  |       |       |     1 |       ||     1
       Choose Tiamat's A |       |       |     1 |       ||     1
 Abil: Breathe Lightning |       |       |     9 |     2 ||    11
  Use: Potion            |       |       |     7 |     2 ||     9
       Scroll            |       |       |     2 |       ||     2
 Stab: Sleeping          |       |       |     1 |       ||     1
       Distracted        |       |       |       |     1 ||     1
  Eat: Chunk             |       |     9 |     9 |     6 ||    24
       Ration            |       |       |     2 |       ||     2
Armor: Skin              |    19 |    45 |    77 |    32 ||   173
Dodge: Dodged            |     7 |    46 |    94 |    54 ||   201
Block: Other             |       |       |    33 |    25 ||    58
       Reflection        |       |       |       |     3 ||     3
